 Dungeon Crawl Stone Soup version 0.30-a0-728-gc68057be0a (webtiles) character file.

Game seed: 15678090161613271772

22 Legacy the Trooper (level 2, -3/28 HPs)
             Began as a Minotaur Berserker on Feb 1, 2023.
             Was a Follower of Trog.
             Slain by a worm (9 damage)
             ... on level 2 of the Dungeon.
             The game lasted 00:02:05 (837 turns).

Legacy the Trooper (Minotaur Berserker)              Turns: 837, Time: 00:02:06

Health: -3/28      AC: 11    Str: 21    XL:     2   Next: 68%
Magic:  1/1        EV:  6    Int:  4    God:    Trog [*.....]
Gold:   71         SH:  0    Dex:  9    Spells: 1/1 levels left

rFire   . . .      SeeInvis .    a - +0 hand axe
rCold   . . .      Faith    .    (no shield)
rNeg    . . .      Spirit   .    g - +0 plate armour
rPois   .          Reflect  .    (helmet restricted)
rElec   .          Harm     .    (no cloak)
rCorr   .          Rampage  .    (no gloves)
Will    .....                    (no boots) Stlth
                                 (no amulet)
HPRegen 0.24/turn                (no ring)
MPRegen 0.07/turn                (no ring)

@: no status effects
A: horns 2, retaliatory headbutt
a: Renounce Religion, Berserk


You were on level 2 of the Dungeon.
You worshipped Trog.
Trog was aware of your devotion.
You visited 1 branch of the dungeon, and saw 2 of its levels.

You collected 71 gold pieces.

Inventory:

Hand Weapons
 a - a +0 hand axe (weapon)
Armour
 b - a +0 animal skin
 d - a +0 ring mail
 g - a +0 plate armour (worn)
Jewellery
 h - an amulet of reflection
Scrolls
 e - a scroll of enchant armour {unknown}
 f - a scroll of poison {unknown}
Potions
 c - a potion of curing {unknown}
 i - a potion of ambrosia {unknown}


   Skills:
 + Level 4.9 Fighting
 - Level 3.6 Axes
 - Level 2.4 Armour
 - Level 2.1 Dodging


You had one spell level left.
You didn't know any spells.
Your spell library was empty.

Dungeon Overview and Level Annotations

Branches:
Dungeon (2/15)

Altars:


Innate Abilities, Weirdness & Mutations

You have a pair of horns on your head.
You reflexively headbutt those who attack you in melee.


Message History

You hit the jackal but do no damage.
The jackal is severely wounded.
The jackal bites you but does no damage. x2
You hit the jackal but do no damage. Your headbutt misses the jackal.
The jackal is severely wounded.
The jackal bites you but does no damage.
You hit the jackal.
You kill the jackal!
Trog accepts your kill.
You hit the jackal but do no damage. You headbutt the jackal.
You kill the jackal!
Trog accepts your kill.
You hit the jackal but do no damage. The jackal completely misses you.
You furiously retaliate!
You headbutt the jackal!
You kill the jackal!
Trog accepts your kill.
You see here a jackal corpse.
There is a stone staircase leading down here.
You climb downwards.
There is a stone staircase leading up here.
A worm comes into view.
Found a stone staircase leading down. 2 worms come into view.
The worm bites you. x2
You hit the worm but do no damage. You hit the worm.
The worm bites you but does no damage. The worm bites you. x2
You hit the worm but do no damage. Your headbutt misses the worm.
You hit the worm. You barely miss the worm. The worm bites you.
You hit the worm.
The worm is moderately wounded.
You hit the worm. You hit the worm but do no damage. The worm bites you. x2
You hit the worm. You headbutt the worm.
The worm is heavily wounded.
You hit the worm but do no damage. You hit the worm.
The worm bites you but does no damage. The worm bites you. x2
* * * LOW HITPOINT WARNING * * *
You fail to use your ability.
The worm bites you but does no damage.
Unknown command.
You fail to use your ability.
The worm closely misses you. The worm bites you!
You die...

#### ##...##
##.....##
##...^...##
#..^...>..#####
#..^.^.w..#..<#
.......@w..#.##
..^...w......#
#....^.^..####
##.^...^.##
##.....##
##^.### ###


You could see 3 worms.

Vanquished Creatures
  An endoplasm (D:1)
  2 giant cockroaches (D:1)
  2 goblins (D:1)
  2 hobgoblins (D:1)
  4 jackals (D:1)
  3 frilled lizards (D:1)
  4 kobolds (D:1)
  A rat (D:1)
19 creatures vanquished.

Notes
Turn   | Place    | Note
-------+----------+-------------------------------------------
     0 | D:1      | Legacy the Minotaur Berserker began the quest for the Orb.
     0 | D:1      | Reached XP level 1. HP: 19/19 MP: 0/0
   211 | D:1      | Reached skill level 4 in Fighting
   317 | D:1      | Reached XP level 2. HP: 28/28 MP: 1/1
   837 | D:2      | Slain by a worm

Illustrated notes

Levels and vault maps discovered:
D:1:      scummos_arrival_star, layout_loops_ring
D:2:      layout_basic, basic_altar, nicolae_wormholes

Skill      XL: |  1 |
---------------+----+-----
Fighting       | 4 |  4.9
Axes           | |  3.6
Armour         | |  2.4
Dodging        | |  2.1

Action                     || total
---------------------------++-------
  Melee: Hand axe          ||    33
         Headbutt          ||     2
 Armour: Ring mail         ||    11
         Plate armour      ||     8
  Dodge: Dodged            ||    19

Table legend: (Time is in decaauts)
 A = Elapsed time spent in this place.
 B = Non-inter-level travel time spent in this place.
 C = Inter-level travel time spent in this place.
 D = Time resting spent in this place.
 E = Time spent auto-exploring this place.
 F = Levels seen in this place.
 G = Mean time per level.
                   A        B        C        D        E       F      G
               +--------+--------+--------+--------+--------+-----+--------+
         Total |    840 |    739 |    101 |      0 |      0 |   2 |  420.0 |
       Dungeon |    840 |    739 |    101 |      0 |      0 |   2 |  420.0 |
               +--------+--------+--------+--------+--------+-----+--------+

Top non-repeatable levels by time:
     D:1: 823 daAuts
     D:2: 17 daAuts
